 Dungeon Crawl Stone Soup version 0.29-a0-872-g797fff5ad1 (webtiles) character file.

Game seed: 10662041727027020200

7 mcwallace the Chiller (level 1, 0/14 HPs)
             Began as a Demonspawn Ice Elementalist on July 18, 2022.
             Slain by a bat (1 damage)
             ... on level 1 of the Dungeon.
             The game lasted 00:01:23 (757 turns).

mcwallace the Chiller (Demonspawn Ice Elementalist)  Turns: 757, Time: 00:01:23

Health: 0/14       AC:  2    Str:  8    XL:     1   Next: 91%
Magic:  0/3        EV: 12    Int: 16    God:
Gold:   11         SH:  0    Dex: 13    Spells: 3/4 levels left

rFire   . . .      SeeInvis .   (no weapon)
rCold   . . .      Faith    .   (no shield)
rNeg    . . .      Spirit   .   a - +0 robe
rPois   .          Reflect  .   (no helmet)
rElec   .          Harm     .   (no cloak)
rCorr   .          Rampage  .   (no gloves)
Will    .....                   (no boots)
Stlth   ++........              (no amulet)
HPRegen 0.04/turn               (no ring)
MPRegen 0.08/turn               (no ring)

@: no status effects
A: no striking features
a: no special abilities


You were on level 1 of the Dungeon.
You visited 1 branch of the dungeon, and saw 1 of its levels.

You collected 11 gold pieces.


   Skills:
 + Level 0.5 Fighting
 + Level 2.0 Dodging
 - Level 1.7 Stealth
 + Level 2.1 Spellcasting
 + Level 3.7 Ice Magic


You had 3 spell levels left.
You knew the following spells:

 Your Spells              Type           Power      Damage    Failure   Level
a - Freeze                Ice            52%        1d7       4%          1

Your spell library contained the following spells:

 Spells                   Type           Power      Damage    Failure   Level
 Frozen Ramparts          Ice            26%        1d4       13%         3
 Ozocubu's Armour         Ice            13%        N/A       13%         3
 Hailstorm                Conj/Ice       7%         3d4       67%         4

Inventory:

Armour
 a - a +0 robe (worn)
Scrolls
 c - a scroll of identify {unknown}
Potions
 b - a potion of magic

Dungeon Overview and Level Annotations

Branches:
Dungeon (1/15) Zot: 5243

Altars:

....#....รท#...##
#...#.....#.#..#
.............#.#
##.######.#.##..#
..........#+###...
.#...........# ...#
.#...........# #.##
#...........###########
...########....b@.......
.##..... ##............
. ..... #.....#.#.#.#
.....####..####.# #
........#.## #
..........# #. .#
........##### #.# .#
............###.# .#
............#.#.#


You could see a bat.


Message History

There are monsters nearby!
There are monsters nearby!
You hit the dart slug but do no damage.
There are monsters nearby!
There are monsters nearby!
You barely miss the dart slug. The dart slug completely misses you.
There are monsters nearby!
You hit the dart slug but do no damage. The dart slug barely misses you.
There are monsters nearby!
Aiming: Freeze (safe; 4% risk of failure)
Press: ? - help, Q - select action Shift-Dir - straight line, f/p - dart slug
Aim: a dart slug (almost dead)
You freeze the dart slug. The dart slug launches a dart at you.
The slug dart hits you. ๐Ÿ˜ฎ HP[-2] MP[-1]
You take 2 damage, and now have 9/14 hp.
You lost 1 mp, and now have 0/3 mp.
You don't have enough magic to cast this spell.
There are monsters nearby!
You don't have enough magic to cast this spell.
You hit the dart slug.
You kill the dart slug!
The bat closely misses you.
Your magical contamination has completely faded away.
Your Dodging skill increases to level 2!
The bat closely misses you. The bat hits you.
You see here a dart slug corpse. ๐Ÿ˜ฎ HP[-1]
You take 1 damage, and now have 8/14 hp.
The bat closely misses you. The bat hits you.
* * * LOW HITPOINT WARNING * * *
๐Ÿ˜จ HP[-1]
You take 1 damage, and now have 7/14 hp.
You hit the bat. The bat closely misses you. The bat hits you.
* * * LOW HITPOINT WARNING * * *
๐Ÿ˜จ HP[-1]
You take 1 damage, and now have 6/14 hp.
You closely miss the bat. The bat hits you.
* * * LOW HITPOINT WARNING * * *
The bat closely misses you. ๐Ÿ˜จ HP[-1] MP[+1]
You take 1 damage, and now have 5/14 hp.
The bat barely misses you. The bat hits you but does no damage.
You see here a dart slug corpse. ๐Ÿ˜จ HP[+1]
The bat barely misses you.
Aiming: Freeze (safe; 4% risk of failure)
Press: ? - help, Q - select action Shift-Dir - straight line, f - bat
Aim: a bat (moderately wounded)
You miscast Freeze.
You are very lightly contaminated with residual magic.
Nothing appears to happen.
The bat hits you.
* * * LOW HITPOINT WARNING * * *
๐Ÿ˜จ HP[-1] MP[-1]
You take 1 damage, and now have 5/14 hp.
You lost 1 mp, and now have 0/3 mp.
The bat closely misses you. The bat barely misses you.
The bat attacks as you move away! The bat hits you but does no damage.
The bat hits you.
* * * LOW HITPOINT WARNING * * *
๐Ÿ˜จ HP[-1]
You take 1 damage, and now have 4/14 hp.
Your magical contamination has completely faded away.
You open the door. The bat barely misses you. The bat hits you.
* * * LOW HITPOINT WARNING * * *
The bat completely misses you.
There is an open door here. ๐Ÿ˜ฑ HP[-1]
You take 1 damage, and now have 3/14 hp.
The bat attacks as you move away! The bat barely misses you. The bat hits you.
* * * LOW HITPOINT WARNING * * *
๐Ÿ˜ฑ HP[-1] MP[+1]
You take 1 damage, and now have 2/14 hp.
You close the door.
The bat hits you.
* * * LOW HITPOINT WARNING * * *
The bat closely misses you. ๐Ÿ˜ฑ HP[-1]
You take 1 damage, and now have 1/14 hp.
The bat closely misses you.
Okay, then.
Aiming: Freeze (safe; 4% risk of failure)
Press: ? - help, Q - select action Shift-Dir - straight line, f/p - bat
Aim: a bat You freeze the bat.
The bat closely misses you. ๐Ÿ˜ฑ MP[-1]
You lost 1 mp, and now have 0/3 mp.
You don't have enough magic to cast this spell.
The bat hits you but does no damage. The bat attacks as you move away!
The bat hits you but does no damage. The bat closely misses you.
The bat barely misses you. The bat attacks as you move away!
The bat closely misses you. The bat hits you but does no damage.
The bat barely misses you. The bat attacks as you move away! The bat hits you.
You die...

Skill      XL: |  1 |
---------------+----+-----
Dodging        | 2 |  2.0
Fighting       | |  0.5
Stealth        | |  1.7
Spellcasting   | |  2.1
Ice Magic      | |  3.7

Action                   || total
-------------------------++-------
Melee: Unarmed           ||    45
 Cast: Freeze            ||     7
 Stab: Sleeping          ||     1
Armor: Robe              ||    34
Dodge: Dodged            ||    57

Levels and vault maps discovered:
D:1:      minmay_arrival_solitary_statue, layout_basic, serial_curves,
          eino_curves_03, eino_curves_03, hellmonk_ecumenical_altar_crossroads

Notes
Turn   | Place    | Note
-------+----------+-------------------------------------------
     0 | D:1      | mcwallace the Demonspawn Ice Elementalist began the quest
                  | for the Orb.
     0 | D:1      | Reached XP level 1. HP: 13/13 MP: 3/3
     0 | D:1      | magus.rc [v1.9.6]
   116 | D:1      | HP: 3/13 [bat (1)]
   732 | D:1      | Reached skill level 2 in Dodging
   747 | D:1      | HP: 3/14 [bat (1)]
   749 | D:1      | HP: 1/14 [bat (1)]
   757 | D:1      | Slain by a bat

Vanquished Creatures
  A dart slug (D:1)
  2 endoplasms (D:1)
  A bat (D:1)
  2 rats (D:1)
6 creatures vanquished.

Table legend:
 A = Non-vault XP
 B = Vault XP
 C = Vault XP percentage of total XP
 D = Non-vault monster count
 E = Vault monster count
 F = Vault count percentage of total count
                 A         B        C        D         E       F
            +---------+---------+-------+---------+---------+-------
      Total |      11 |       0 |   0.0 |       6 |       0 |   0.0
            +---------+---------+-------+---------+---------+-------
        D:1 |      11 |       0 |   0.0 |       6 |       0 |   0.0
            +---------+---------+-------+---------+---------+-------

Illustrated notes

Table legend:
 A = Kills in this place as a percentage of kills in entire the game.
 B = Kills by you in this place as a percentage of kills by you in the entire game.
 C = Kills by friends in this place as a percentage of kills by friends in the entire game.
 D = Other kills in this place as a percentage of other kills in the entire game.
 E = Experience gained in this place as a percentage of experience gained in the entire game.
 F = Experience gained in this place divided by the number of levels of this place that you have seen.
                   A       B       C       D       E      F
               +-------+-------+-------+-------+-------+----------------------
         Total | 100.0 | 100.0 |   N/A |   N/A | 100.0 |  11.0
       Dungeon | 100.0 | 100.0 |   N/A |   N/A | 100.0 |  11.0
               +-------+-------+-------+-------+-------+----------------------

Table legend: (Time is in decaauts)
 A = Elapsed time spent in this place.
 B = Non-inter-level travel time spent in this place.
 C = Inter-level travel time spent in this place.
 D = Time resting spent in this place.
 E = Time spent auto-exploring this place.
 F = Levels seen in this place.
 G = Mean time per level.
                   A        B        C        D        E       F      G
               +--------+--------+--------+--------+--------+-----+--------+
         Total |    757 |    757 |      0 |      0 |    607 |   1 |  757.0 |
       Dungeon |    757 |    757 |      0 |      0 |    607 |   1 |  757.0 |
               +--------+--------+--------+--------+--------+-----+--------+

Top non-repeatable levels by time:
     D:1: 757 daAuts
